 Dungeon Crawl Stone Soup version 0.27.0-65-ge2af304b15 (webtiles) character file.

Game seed: 16349629432869209522

224 Crownlay the Cleaver (level 6, 0/76 HPs)
             Began as a Hill Orc Fighter on Aug 18, 2021.
             Slain by Sigmund (5 damage)
             ... on level 3 of the Dungeon.
             The game lasted 00:03:04 (2339 turns).

Crownlay the Cleaver (Hill Orc Fighter)             Turns: 2339, Time: 00:03:05

Health: 0/76       AC:  8    Str: 21    XL:     6   Next: 0%
Magic:  6/6        EV:  9    Int:  8    God:
Gold:   183        SH:  0    Dex: 10    Spells: 5/5 levels left

rFire    . . .     SeeInvis .   a - +0 war axe
rCold    . . .     Faith    .   (no shield)
rNeg     . . .     Spirit   .   b - +0 scale mail
rPois    .         Reflect  .   (no helmet)
rElec    .         Harm     .   j - +0 cloak
rCorr    .         Rampage  .   (no gloves)
Will     .....                  (no boots)
Stlth    ..........             (no amulet)
HPRegen  0.22/turn              (no ring)
MPRegen  0.10/turn              (no ring)

@: berserking, very quick
A: no striking features
a: no special abilities


You were on level 3 of the Dungeon.
You visited 1 branch of the dungeon, and saw 3 of its levels.

You collected 183 gold pieces.

Inventory:

Hand Weapons
 a - a +0 war axe (weapon)
 l - a +4 hand axe
Armour
 b - a +0 scale mail (worn)
 c - a +0 kite shield
 j - a +0 cloak (worn)
Scrolls
 f - a scroll of enchant armour {unknown}
 h - a scroll of fog {unknown}
 i - 2 scrolls of identify {unknown}
Potions
 d - a potion of might
 e - a potion of heal wounds {unknown}
 g - 2 potions of berserk rage
 k - a potion of curing {unknown}


   Skills:
 - Level 3.6 Fighting
 + Level 8.0 Axes
 - Level 3.2 Armour
 - Level 3.2 Shields


You had 5 spell levels left.
You didn't know any spells.
Your spell library was empty.

Dungeon Overview and Level Annotations

Branches:
Dungeon (3/15)

Altars:

Annotations:
D:3 Grinder, Sigmund


Message History

Grinder gestures at you. Pain shoots through your body!
You are too injured to fight recklessly!
You are too injured to fight recklessly!
You are too injured to fight recklessly!
You are too injured to fight recklessly!
You are too injured to fight recklessly!
You are too injured to fight recklessly!
You closely miss Grinder.
Grinder is lightly wounded.
Grinder hits you.
You writhe in agony.
* * * LOW HITPOINT WARNING * * *
You closely miss Grinder.
Grinder is lightly wounded.
Grinder hits you but does no damage.
You barely miss Grinder.
Grinder is lightly wounded.
Grinder hits you.
* * * LOW HITPOINT WARNING * * *
You closely miss Grinder.
Grinder is lightly wounded.
Grinder hits you.
* * * LOW HITPOINT WARNING * * *
You writhe in agony.
* * * LOW HITPOINT WARNING * * *
You closely miss Grinder.
Grinder is lightly wounded.
Grinder says, "Mostly I couldn't keep them alive."
Grinder hits you but does no damage.
Sigmund mumbles some strange words.
Sigmund flickers and vanishes!
Deactivating autopickup; reactivate with Ctrl-A.
Okay, then.
Okay, then.
It was a potion of berserk rage.
A red film seems to cover your vision as you go berserk!
You feel yourself moving faster!
You feel mighty! Grinder hits you.
* * * LOW HITPOINT WARNING * * *
Something hits you.
You die...

## #..............#... #..
#.................#
#...#####..................
#.............#####........
.......).....######........
..................#........
..................#........
..................#........
$.........@..######
#.........5..#
#.........{..#
#............#
#............# ..........#
..........# ......#....


You could see Grinder.

Vanquished Creatures
  A scorpion (D:3)
  A centaur zombie (D:3)
  2 orc priests
  An adder (D:2)
  2 worms
  9 orcs
  5 bats
  4 endoplasms
  2 giant cockroaches
  4 goblins
  2 hobgoblins
  6 jackals
  5 kobolds
  A quokka (D:2)
  5 ball pythons
  2 frilled lizards
  A rat (D:1)
  A toadstool (D:1)
54 creatures vanquished.

Vanquished Creatures (others)
  A hobgoblin (D:1)
  7 fungi (D:1)
  A toadstool (D:1)
9 creatures vanquished.

Grand Total: 63 creatures vanquished

Notes
Turn   | Place    | Note
-------+----------+-------------------------------------------
     0 | D:1      | Crownlay the Hill Orc Fighter began the quest for the Orb.
     0 | D:1      | Reached XP level 1. HP: 19/19 MP: 1/1
     6 | D:1      | Noticed an ice dragon
     8 | D:1      | Noticed an iron dragon
    13 | D:1      | Noticed an orb of fire
    14 | D:1      | Noticed a large abomination
    16 | D:1      | Noticed a shadow dragon
    18 | D:1      | Noticed a tentacled monstrosity
    20 | D:1      | Noticed a shadow dragon
    20 | D:1      | Noticed a tentacled monstrosity
    22 | D:1      | Noticed a white draconian
    22 | D:1      | Noticed a large abomination
    22 | D:1      | Noticed an iron dragon
    24 | D:1      | Noticed a large abomination
    24 | D:1      | Noticed an iron dragon
    91 | D:1      | Reached skill level 3 in Axes
   406 | D:1      | Reached XP level 2. HP: 16/26 MP: 2/2
   670 | D:1      | Reached skill level 4 in Axes
  1157 | D:2      | Reached XP level 3. HP: 31/31 MP: 3/3
  1361 | D:2      | Reached skill level 5 in Axes
  1408 | D:2      | Reached XP level 4. HP: 39/39 MP: 4/4
  1417 | D:2      | Reached skill level 6 in Axes
  1951 | D:3      | Reached XP level 5. HP: 14/45 MP: 5/5
  2277 | D:3      | Reached skill level 7 in Axes
  2323 | D:3      | Noticed Grinder
  2329 | D:3      | Reached skill level 8 in Axes
  2329 | D:3      | Reached XP level 6. HP: 45/51 MP: 6/6
  2332 | D:3      | Noticed Sigmund
  2339 | D:3      | Slain by Sigmund

Illustrated notes

Levels and vault maps discovered:
D:1:      shiori_arrival_whats_in_store_for_you, layout_rooms,
          serial_bayou_pond_e, minmay_gold_behind_fungi, minmay_misc_feat_room,
          lemuel_old_faithful
D:2:      layout_rooms
D:3:      layout_basic, makhleb_altar_promises_db,
          ebering_ecumenical_altar_abandoned, grunt_decor_arrowhead,
          uniq_sigmund, uniq_grinder

Skill      XL: |  1  2  3  4  5 |
---------------+----------------+-----
Axes           | 3 4 5 6 8 |  8.0
Fighting       | |  3.6
Armour         | |  3.2
Shields        | |  3.2

Action                   |  1- 3 |  4- 6 || total
-------------------------+-------+-------++-------
Melee: War axe           |   102 |    78 ||   180
  Use: Potion            |       |     1 ||     1
Armor: Scale mail        |    76 |    40 ||   116
Dodge: Dodged            |    85 |    30 ||   115
